 Dungeon Crawl Stone Soup version 0.23.2-30-g0e89c35649 (webtiles) character file.

Game seed: 5246334732346399265

125 geeseburger the Firebug (level 5, -3/35 HPs)
             Began as a Human Fire Elementalist on June 19, 2019.
             Killed by divine providence
             ... invoked by an orc priest
              (10 damage)
             ... on level 4 of the Dungeon.
             The game lasted 00:17:03 (3868 turns).

geeseburger the Firebug (Human Fire Elementalist)   Turns: 3868, Time: 00:17:04

Health: -3/35      AC:  3    Str:  8      XL:     5   Next: 30%
Magic:  2/9        EV: 13    Int: 12 (15) God:
Gold:   218        SH:  0    Dex: 14 (15) Spells: 7/10 levels left

rFire    . . .     SeeInvis .   d - +0 spear
rCold    . . .     Gourm    .   (no shield)
rNeg     . . .     Faith    .   a - +0 robe
rPois    .         Spirit   .   f - +0 helmet
rElec    .         Reflect  .   (no cloak)
rCorr    .         Harm     .   (no gloves)
MR       .....                  (no boots)
Stlth    ++........             (no amulet)
HPRegen  0.11/turn              (no ring)
MPRegen  0.11/turn              (no ring)

@: very slightly contaminated
A: no striking features
a: no special abilities


You were on level 4 of the Dungeon.
You were not hungry.

You visited 1 branch of the dungeon, and saw 4 of its levels.

You collected 218 gold pieces.

Inventory:

Hand Weapons
 d - a +0 spear (weapon)
Armour
 a - a +0 robe (worn)
 f - a +0 helmet (worn)
 h - a +0 buckler
Wands
 k - a wand of flame (17)
Scrolls
 b - 2 scrolls of remove curse
 i - 2 scrolls of amnesia
 l - a scroll of blinking
Potions
 m - a potion of resistance
Comestibles
 c - 2 rations


   Skills:
 + Level 2.8 Dodging
 + Level 3.0 Stealth
 * Level 3.3 Spellcasting
 - Level 1.0 Conjurations
 + Level 3.6 Fire Magic


You had 7 spell levels left.
You knew the following spells:

 Your Spells              Type           Power        Failure   Level  Hunger
a - Flame Tongue          Conj/Fire      #....        10%         1    #......
b - Throw Flame           Conj/Fire      #.....       14%         2    ##.....

Your spell library contained the following spells:

 Spells                   Type           Power        Failure   Level  Hunger
 Conjure Flame            Conj/Fire      #.......     28%         3    ###....
 Inner Flame              Hex/Fire       #.......     34%         3    ###....
 Sticky Flame             Conj/Fire      #.......     67%         4    #####..
 Fireball                 Conj/Fire      #.........   95%         5    ######.


Dungeon Overview and Level Annotations

Branches:
Dungeon (4/15)
 Temple: D:4-7

Altars:
Nemelex Xobeh
Qazlal


Message History

The orc priest is lightly wounded.
The orc priest barely misses you.
The hound barks!
You hit the orc priest but do no damage.
The orc priest is lightly wounded.
The orc priest hits you with a +0 flail!
You closely miss the orc priest.
The orc priest is lightly wounded.
The orc priest hits you with a +0 flail!
* * * LOW HITPOINT WARNING * * *
You hit the orc priest but do no damage.
The orc priest is lightly wounded.
The hound bites you but does no damage.
The orc priest miscasts a cantrip.
The hound bites you.
* * * LOW HITPOINT WARNING * * *
The hound bites you but does no damage.
The orc priest mumbles some strange prayers to Beogh against you.
Beogh smites you!
You die...

#.....o..#
#.......##
#.##..#o#
#......#.#
##.###.#.# #.
#...# #
###.[### #####
#.o..#......
###.@.......
#h##...... #.##
..... #<.# ....
##รท# ...
...............
...............
.l..o..%....#.#
...o.......[#


You could see a hound and an orc priest.

Vanquished Creatures
  A hound skeleton (D:4)
  2 adders
  An ooze (D:3)
  3 dart slugs (D:1)
  3 leopard geckos
  6 orcs
  10 bats
  3 giant cockroaches (D:1)
  12 goblins
  12 hobgoblins
  2 frilled lizards
  9 kobolds
  6 rats
70 creatures vanquished.

Notes
Turn   | Place    | Note
-------+----------+-------------------------------------------
     0 | D:1      | geeseburger the Human Fire Elementalist began the quest for
                  | the Orb.
     0 | D:1      | Reached XP level 1. HP: 13/13 MP: 3/3
   198 | D:1      | Reached XP level 2. HP: 13/19 MP: 1/5
   637 | D:1      | Reached XP level 3. HP: 23/24 MP: 6/6
  1074 | D:1      | Learned a level 2 spell: Throw Flame
  1134 | D:2      | Found a stormy altar of Qazlal.
  1380 | D:2      | Reached XP level 4. HP: 30/30 MP: 8/8
  2915 | D:3      | Found a sparkling altar of Nemelex Xobeh.
  2922 | D:3      | Reached XP level 5. HP: 35/35 MP: 9/9
  3868 | D:4      | Killed from afar by an orc priest

Skill      XL: |  1  2  3  4  5 |
---------------+----------------+-----
Spellcasting   | 3 |  3.3
Stealth        | 3 |  3.0
Dodging        | |  2.8
Conjurations   | |  1.0
Fire Magic     | |  3.6

Action                   |  1- 3 |  4- 6 || total
-------------------------+-------+-------++-------
Melee: Spear             |    41 |   118 ||   159
 Cast: Flame Tongue      |    33 |    15 ||    48
       Throw Flame       |     1 |    27 ||    28
  Use: Scroll            |     3 |     3 ||     6
       Potion            |     1 |     5 ||     6
 Stab: Sleeping          |     3 |     7 ||    10
  Eat: Ration            |     1 |     3 ||     4
Armor: Robe              |     7 |    27 ||    34
Dodge: Dodged            |    27 |    66 ||    93
